 Dungeon Crawl Stone Soup version 0.29.0-5-ge4962eb29e (webtiles) character file.

Game seed: 13156828756678455332

401 greasedhog the Poker (level 6, 0/51 HPs)
             Began as a Merfolk Fighter on Aug 30, 2022.
             Succumbed to a scorpion's poison
             ... on level 4 of the Dungeon.
             The game lasted 00:05:09 (3794 turns).

greasedhog the Poker (Merfolk Fighter)              Turns: 3794, Time: 00:05:10

Health: 0/51       AC:  6    Str: 17    XL:     6   Next: 85%
Magic:  0/6        EV: 12    Int:  7    God:
Gold:   208        SH:  0    Dex: 15    Spells: 5/5 levels left

rFire   . . .      SeeInvis .   a - +1 trident (vorpal)
rCold   . . .      Faith    .   (no shield)
rNeg    . . .      Spirit   +   i - +0 ring mail
rPois   .          Reflect  .   (no helmet)
rElec   .          Harm     .   b - +0 cloak
rCorr   .          Rampage  .   (no gloves)
Will    .....                   (no boots)
Stlth   +.........              k - amulet of guardian spirit
HPRegen 0.17/turn               (no ring)
MPRegen 0.10/turn               (no ring)

@: lethally poisoned (0 -> -9), about to teleport
A: (nimble swimmer 2), mertail
a: no special abilities


You were on level 4 of the Dungeon.
You visited 2 branches of the dungeon, and saw 5 of its levels.

You collected 208 gold pieces.

Inventory:

Hand Weapons
 a - a +1 vorpal trident (weapon)
Armour
 b - a +0 cloak (worn)
 i - a +0 ring mail (worn)
Jewellery
 k - an amulet of guardian spirit (around neck)
Scrolls
 d - 2 scrolls of enchant weapon
Potions
 e - a potion of cancellation {unknown}
 f - a potion of ambrosia {unknown}
 g - 2 potions of heal wounds
 j - a potion of mutation {unknown}
 l - a potion of curing {unknown}


   Skills:
 - Level 5.1 Fighting
 * Level 6.8 Polearms
 - Level 2.1 Armour
 * Level 4.0 Dodging
 - Level 3.0 Shields


You had 5 spell levels left.
You didn't know any spells.
Your spell library was empty.

Dungeon Overview and Level Annotations

Branches:
Dungeon (4/15)             Temple (1/1) D:4

Altars:
Ashenzari
Cheibriados
Gozag
Hepliaklqana
Kikubaaqudgha
Makhleb
Nemelex Xobeh
Qazlal
Sif Muna
Trog
Xom
Yredelemnul
Zin

Shops:
D:1 (


Innate Abilities, Weirdness & Mutations

((You are very nimble when in or above water. (Stealth+, EV+, Speed+++)))
Your lower body shifts to a powerful aquatic tail in water.


Message History

You reach to attack!
You hit the orc.
The orc is heavily wounded.
The scorpion stings you.
You are poisoned.
The scorpion poisons you!
Reach: a) +1 trident (vorpal)
Press: ? - help, Dir - move target, f/p - orc
Aim: an orc, wielding a +0 flail, wearing a +0 chain mail and quivering javelins (moderately wounded, about 29% to evade your +1 vorpal trident)
You reach to attack!
You closely miss the orc.
The orc is moderately wounded.
You feel sick. The scorpion barely misses you.
You hit the scorpion but do no damage.
You feel sick. The scorpion stings you.
You barely miss the scorpion.
You feel sick.
The orc shouts!
The scorpion stings you but does no damage.
You closely miss the scorpion. Your punch misses the scorpion.
You feel sick. The scorpion barely misses you.
The orc priest calls down the wrath of Beogh upon you.
Beogh smites you!
You feel sick.
The orc priest calls down the wrath of Beogh upon you.
Beogh smites you!
* * * LOW HITPOINT WARNING * * *
You feel sick.
You feel sick.
You are no longer poisoned.
The scorpion stings you but does no damage.
As you read the scroll labelled GIBOM ICKUR, it crumbles to dust.
Your body is wracked with pain!
* * * LOW HITPOINT WARNING * * *
The scorpion convulses!
The orc convulses!
It was a scroll of torment.
The scorpion barely misses you.
As you read the scroll of teleportation, it crumbles to dust.
You feel strangely unstable. The scorpion stings you.
* * * LOW HITPOINT WARNING * * *
The scorpion attacks as you move away! The scorpion stings you.
* * * LOW HITPOINT WARNING * * *
You are lethally poisoned!
The scorpion poisons you!
You die...

....##.........##.......#
...###...##.........### .
###.###..####..........##
...#........# ##.>....?...#
..........### ##........## ..
.......##.#.# ###..........# .
#..... #.os.###........#.### >
#.....##..#............### .
.......B...##@..#.......#
###.......o#####......###..#
.........o.#.....#.....##..#
.................#.....###.###
..####...............#.....[.#
g##...........#.(............#
....##...#..##..............##
...######..##.....##.....#.##
.<..####..# #.....###..###.#


You could see a scorpion and an orc.

Vanquished Creatures
  2 scorpions
  A howler monkey (D:3)
  A hound (D:3)
  Jessica (D:2)
  An iguana (D:3)
  4 gnolls (D:3)
  6 adders
  2 worms
  3 dart slugs
  An orc (D:4)
  2 bats (D:1)
  4 endoplasms
  4 giant cockroaches
  11 goblins
  4 hobgoblins
  3 kobolds
  7 quokkas
  6 ball pythons
  3 frilled lizards
  5 rats
71 creatures vanquished.

Notes
Turn   | Place    | Note
-------+----------+-------------------------------------------
     0 | D:1      | greasedhog the Merfolk Fighter began the quest for the Orb.
     0 | D:1      | Reached XP level 1. HP: 18/18 MP: 1/1
   338 | D:1      | Found Ladov's Weapon Shoppe.
   378 | D:1      | Reached skill level 3 in Polearms
   398 | D:1      | Reached XP level 2. HP: 21/24 MP: 2/2
   725 | D:1      | Found a faded altar of an unknown god.
   980 | D:2      | Reached XP level 3. HP: 28/30 MP: 3/3
  1017 | D:2      | Reached skill level 4 in Polearms
  1298 | D:2      | Noticed Jessica
  1303 | D:2      | Killed Jessica
  1304 | D:2      | Reached XP level 4. HP: 38/38 MP: 4/4
  1737 | D:2      | Identified the +6 hand axe "Peuryheru" {freeze, rC+ Str+3}
  2189 | D:3      | Reached skill level 5 in Polearms
  2189 | D:3      | Reached XP level 5. HP: 43/43 MP: 5/5
  2208 | D:3      | HP: 1/43 [gnoll/+0 flail (6)]
  2210 | D:3      | Reached skill level 5 in Fighting
  2632 | D:3      | Found an opulent altar of Gozag.
  2942 | D:3      | Reached skill level 1 in Dodging
  3074 | D:3      | Reached XP level 6. HP: 34/51 MP: 4/6
  3075 | D:3      | Reached skill level 6 in Polearms
  3273 | D:4      | Found a staircase to the Ecumenical Temple.
  3295 | Temple   | Entered the Ecumenical Temple
  3794 | D:4      | HP: 1/51 [scorpion (3)]
  3794 | D:4      | Succumbed to a scorpion's poison

Illustrated notes

Levels and vault maps discovered:
D:1:      minmay_arrival_up_and_down, layout_loops_corners,
          hellmonk_ecumenical_altar_inner_sanctum, serial_shops,
          nicolae_shop_hallway_stairs, serial_bayou_pond_e
D:2:      layout_basic, chequers_serial_rivers_micro_a,
          kennysheep_generic_room_12, uniq_jessica
D:3:      layout_basic, grunt_gozag_breadcrumbs
D:4:      layout_cave_pools, minmay_temple_entry_wispy,
          minmay_fractal_squares_diagonal_5
Temple:   nicolae_temple_no_exploring_needed

Skill      XL: |  1  2  3  4  5  6 |
---------------+-------------------+-----
Polearms       | 3 4 5 6 |  6.8
Fighting       | 4 5 |  5.1
Dodging        | 2 4 |  4.0
Armour         | |  2.1
Shields        | |  3.0

Action                   |  1- 3 |  4- 6 || total
-------------------------+-------+-------++-------
Melee: Trident           |    84 |   154 ||   238
  Use: Scroll            |       |     8 ||     8
       Potion            |       |     2 ||     2
Armor: Scale mail        |     4 |       ||     4
       Ring mail         |    22 |    58 ||    80
Dodge: Dodged            |    36 |   105 ||   141
